 Dungeon Crawl Stone Soup version 0.31.0-11-ge490571c62 (webtiles) character file.

Game seed: 11472013598035410184

10405 MollyMolluskus the Grappler (level 11, -2/81 HPs)
             Began as an Octopode Fighter on Jan 31, 2024.
             Was an Elder of Wu Jian.
             Slain by a wraith (10 damage)
             ... on level 11 of the Dungeon on Feb 1, 2024.
             The game lasted 00:44:37 (10712 turns).

MollyMolluskus the Grappler (Octopode Fighter)     Turns: 10712, Time: 00:44:37

Health: -2/81      AC:  1    Str: 21    XL:     11   Next: 61%
Magic:  11/11      EV: 20    Int: 10    God:    Wu Jian [****..]
Gold:   117        SH:  7    Dex: 11    Spells: 10/10 levels left

rFire   . . .        b - +7 dagger (distort)
rCold   + . .        a - +3 buckler
rNeg    + . .        (helmet restricted)
rPois   .            t - amulet of regeneration
rElec   .            h - ring of resist corrosion
rCorr   +            d - +5 ring of evasion
SInv    .            o - ring of positive energy
Will    .....        p - ring of protection from cold
Stlth   +++++        (no ring)
HPRegen 1.13/turn    (no ring)
MPRegen 0.12/turn    (no ring)
                     (no ring)

%: no passive effects
@: studying 2 skills
A: almost no armour, amphibious, 8 rings, camouflage 1, gelatinous body 1,
nimble swimmer 1, tentacles
a: Renounce Religion, Wall Jump, Serpent's Lash


You were on level 11 of the Dungeon.
You worshipped Wu Jian.
Wu Jian was greatly pleased with you.
You visited 2 branches of the dungeon, and saw 12 of its levels.
You also visited: Bailey.

You collected 1545 gold pieces.
You spent 1428 gold pieces at shops.

Inventory:

Hand Weapons
 b - a +7 dagger of distortion (weapon)
Missiles
 j - 12 poisoned darts (quivered)
 k - a throwing net
 u - 6 boomerangs
Armour
 a - a +3 buckler (worn)
Jewellery
 d - a +5 ring of evasion (right tentacle)
 h - a ring of resist corrosion (left tentacle)
 o - a ring of positive energy (on tentacle)
 p - a ring of protection from cold (on tentacle)
 t - an amulet of regeneration (around mantle)
 y - a ring of fire
 z - a ring of positive energy
Talismans
 w - a maw talisman
Wands
 c - a wand of paralysis (1)
 A - a wand of iceblast (5)
 C - a wand of light (3)
Scrolls
 i - 2 scrolls of fog
 r - a scroll of silence
 s - 2 scrolls of immolation
 x - a scroll of teleportation
 D - a scroll of enchant armour
Potions
 e - 2 potions of attraction
 f - 3 potions of enlightenment
 g - 2 potions of mutation
 l - a potion of curing
 m - 2 potions of lignification
 n - a potion of ambrosia
 q - 4 potions of might
 B - a potion of cancellation {unknown}
Miscellaneous
 v - a phial of floods


   Skills:
 + Level 9.8 Fighting
 + Level 5.1 Short Blades
 - Level 8.0 Dodging
 + Level 7.2 Stealth
 - Level 4.0 Shields
 - Level 10.3 Unarmed Combat
 + Level 5.5 Shapeshifting


You had 10 spell levels left.
You didn't know any spells.
Your spell library contained the following spells:

 Spells                   Type           Power      Damage    Failure   Level
 Searing Ray              Conj           0%         2d4       56%         2
 Volatile Blastmotes      Fire/Tloc      0%         2d10      80%         3
 Fulminant Prism          Conj/Alch      0%         3d5       99%         4
 Iskenderun's Mystic Bla  Conj/Tloc      0%         2d3       99%         4
 Summon Cactus Giant      Summ           0%         N/A       100%        6


Dungeon Overview and Level Annotations

Branches:
Dungeon (11/15)            Temple (1/1) D:4            Lair (0/5) D:10
 Bailey (visited)
    Orc: D:9-12

Altars:
Ashenzari
Cheibriados
Dithmenos
Elyvilon
Fedhas
Gozag
Hepliaklqana
Kikubaaqudgha
Makhleb
Nemelex Xobeh
Okawaru
Qazlal
Ru
Sif Muna
Trog
Uskayaw
Vehumet
Wu Jian
Xom
Yredelemnul
Zin
The Shining One

Shops:
D:4 (   D:9 *

Annotations:
D:8 exclusion: orange crystal statue


Innate Abilities, Weirdness & Mutations

You cannot wear most types of armour.
You are amphibious.
You can wear up to eight rings at the same time.
Your skin changes colour to match your surroundings (Stealth+).
Your rubbery body absorbs attacks. (AC +1, EV +1)
You are camouflaged when in or above water. (Stealth+)
You have tentacles for arms and can constrict up to eight enemies at once.


Message History

The bolt of electricity hits the plant!
The plant begins to die.
The bolt of electricity hits you!
The electric eel shoots out a bolt of lightning at you!
The bolt of electricity hits you!
The centaur shoots an arrow.
The arrow hits you.
You spin and attack the electric eel.
You barely miss the electric eel. Your grab misses the electric eel.
The electric eel is severely wounded.
A nearby plant withers and dies.
The electric eel shoots out a bolt of lightning at you!
The bolt of electricity hits you!
Unknown command.
You barely miss the electric eel. Your grab misses the electric eel.
The electric eel is severely wounded.
A nearby plant withers and dies.
The centaur shoots an arrow.
The arrow misses you.
The electric eel shoots out a bolt of lightning at you!
The bolt of electricity hits you!
* * * LOW HITPOINT WARNING * * *
The centaur shoots an arrow.
The arrow hits you!
* * * LOW HITPOINT WARNING * * *
You feel better.
The electric eel shoots out a bolt of lightning at you!
The bolt of electricity misses you. You block the wraith's attack.
The centaur shoots an arrow.
The arrow barely misses you.
You spin and attack the wraith.
You hit the wraith.
Space warps horribly around the wraith!
The wraith is moderately damaged.
You spin and attack the electric eel.
You hit the electric eel.
You kill the electric eel!
The Council accepts your kill.
The electric eel shoots out a bolt of lightning at you!
The bolt of electricity hits the plant!
The plant begins to die.
The bolt of electricity hits you!
* * * LOW HITPOINT WARNING * * *
You block the wraith's attack.
The centaur shoots an arrow.
The arrow barely misses you.
As you read the scroll of fog, it dissolves into smoke.
A nearby plant withers and dies.
The wraith hits you!
You die...

######'###......♣ #...#
#......♣P~~~P~ ##'###
#.....♣P~~~~~♣~ #....#
###...♣~~~~S~~~ #.##.#
#..♣♣~♣c~PPP~ ###.##.#
#..♣♣~~~~≈≈♣~ ....##.#
#..♣♣§~~≈≈≈≈~ ##.....###
#..~§§§§≈≈≈≈~
.............♣§§@S≈≈≈≈≈~
.........#..#♣~§§W§≈≈≈≈≈
##..#....#.. ♣♣§≈§≈≈≈≈≈≈
............ ♣♣≈≈≈≈≈≈≈≈
.<.......... ~≈≈≈≈≈≈≈≈
#..#..♣..## ~≈≈≈≈≈≈≈≈
.....♣~♣.. ♣~♣~≈≈≈≈≈≈
.###~~~~~. ♣~ ≈≈≈≈≈≈~ .
~~~P~. ♣P ~P≈≈≈~~


You could see a wraith, a centaur and 2 electric eels.

Vanquished Creatures
  A two-headed ogre (D:10)
  An oklob plant (D:9)
  A komodo dragon (D:10)
  Psyche (D:8)
  A hornet (D:9)
  Grinder (D:4)
  Sigmund (D:4)
  A wyvern (D:10)
  Eustachio (D:4)
  2 wraiths
  5 yaks (D:10)
  Edmund (D:5)
  4 water moccasins
  13 orc warriors
  An ice beast (D:5)
  A sky beast (D:8)
  2 black bears
  16 centaurs
  A phantom (D:7)
  3 bullfrogs
  3 scorpions
  10 wights (D:8)
  5 howler monkeys
  An electric eel (D:11)
  6 crimson imps (D:6)
  A bombardier beetle (D:5)
  2 lava snakes (D:8)
  14 jellies
  3 quasits (D:6)
  3 hounds
  4 orc priests
  A gnoll bouda (D:5)
  A sleepcap (D:6)
  3 iguanas
  Natasha (thrice) (D:2)
  4 orc wizards
  Robin (D:4)
  15 gnolls
  8 adders
  3 shadow imps (D:6)
  5 white imps
  2 ufetubi (D:6)
  A ribbon worm (D:3)
  A dart slug (D:2)
  44 orcs
  2 ball pythons (D:1)
  26 endoplasms
  4 giant cockroaches
  6 hobgoblins
  4 jackals
  2 quokkas
  9 bats
  4 frilled lizards
  15 goblins
  8 kobolds
  8 rats
290 creatures vanquished.

Notes
Turn   | Place    | Note
-------+----------+-------------------------------------------
     0 | D:1      | MollyMolluskus the Octopode Fighter began the quest for the
                  | Orb.
     0 | D:1      | Reached XP level 1. HP: 16/16 MP: 1/1
   217 | D:1      | Reached XP level 2. HP: 16/21 MP: 2/2
   345 | D:1      | Reached skill level 1 in Stealth
   622 | D:1      | Reached XP level 3. HP: 22/26 MP: 3/3
  1068 | D:2      | Noticed Natasha
  1072 | D:2      | Killed Natasha
  1152 | D:2      | Reached XP level 4. HP: 31/31 MP: 4/4
  1237 | D:2      | Reached skill level 3 in Unarmed Combat
  1390 | D:2      | Identified the +1 short sword "Juestru" {freeze, Fly Will+
                  | Stlth-}
  1454 | D:2      | Reached XP level 5. HP: 34/36 MP: 5/5
  1489 | D:2      | Found a faded altar of an unknown god.
  1656 | D:2      | Identified a scroll of acquirement
  1656 | D:2      | Acquired 726 gold pieces
  1801 | D:2      | Noticed Natasha
  1814 | D:2      | Killed Natasha
  2294 | D:2      | Noticed Natasha
  2300 | D:2      | Killed Natasha
  2695 | D:3      | Noticed a water moccasin
  2705 | D:3      | Killed a water moccasin
  2706 | D:3      | Reached skill level 4 in Unarmed Combat
  2706 | D:3      | Reached XP level 6. HP: 25/43 MP: 6/6
  3060 | D:3      | Got the Volume of Puissant Formation
  3785 | D:4      | Noticed Eustachio
  3793 | D:4      | Killed Eustachio
  3794 | D:4      | Reached XP level 7. HP: 16/48 MP: 7/7
  3912 | D:4      | Found a staircase to the Ecumenical Temple.
  3923 | Temple   | Entered the Ecumenical Temple
  4018 | D:4      | Noticed Grinder
  4039 | D:4      | Killed Grinder
  4040 | D:4      | Reached skill level 5 in Unarmed Combat
  4157 | D:4      | Noticed Robin
  4187 | D:4      | Killed Robin
  4220 | D:4      | Found Aschah's Weapon Shoppe.
  4410 | D:4      | Noticed Sigmund
  4420 | D:4      | Killed Sigmund
  4421 | D:4      | Reached skill level 5 in Fighting
  4421 | D:4      | Reached XP level 8. HP: 43/55 MP: 2/8
  4508 | D:4      | Reached skill level 5 in Dodging
  4508 | D:4      | Reached skill level 6 in Unarmed Combat
  4675 | D:5      | Entered Level 5 of the Dungeon
  4978 | D:5      | Found a hide-covered altar of Uskayaw.
  5080 | D:5      | Reached skill level 7 in Unarmed Combat
  5280 | D:5      | Found a sacrificial altar of Ru.
  5564 | D:5      | Noticed Edmund
  5577 | D:5      | Killed Edmund
  5578 | D:5      | Reached XP level 9. HP: 53/62 MP: 9/9
  5835 | D:6      | Reached skill level 8 in Unarmed Combat
  5892 | D:6      | Found a bloodstained altar of Trog.
  5896 | D:6      | Found a glowing silver altar of Zin.
  5903 | D:6      | Found an opulent altar of Gozag.
  5907 | D:6      | Found an ornate altar of the Wu Jian Council.
  5911 | D:6      | Became a worshipper of the Wu Jian Council
  6102 | D:6      | Reached * piety under Wu Jian
  6112 | D:6      | Reached skill level 1 in Shapeshifting
  6705 | D:7      | Found a flagged portal.
  6715 | Bailey   | Entered a bailey
  6901 | Bailey   | Reached skill level 9 in Unarmed Combat
  6966 | Bailey   | Reached ** piety under Wu Jian
  7009 | Bailey   | Found the +8 Wrath of Trog {antimagic, *Rage Rampage}
  7015 | Bailey   | Reached XP level 10. HP: 58/71 MP: 10/10
  7426 | D:7      | Reached skill level 10 in Unarmed Combat
  7819 | D:8      | Noticed Psyche
  7827 | D:8      | Killed Psyche
  7862 | D:8      | Reached skill level 1 in Short Blades
  7877 | D:8      | Noticed an orange crystal statue
  7880 | D:8      | Noticed a two-headed ogre
  9322 | D:9      | Found Leprueg's Assorted Antiques.
  9333 | D:9      | Reached XP level 11. HP: 69/77 MP: 11/11
  9341 | D:9      | Reached *** piety under Wu Jian
  9355 | D:9      | Bought a scroll of acquirement for 1248 gold pieces
  9365 | D:9      | Acquired a manual of Fighting
  9485 | D:9      | Reached skill level 5 in Stealth
  9514 | D:9      | Found a burning altar of Makhleb.
  9664 | D:9      | Noticed an oklob plant
  9674 | D:9      | Killed an oklob plant
 10015 | D:10     | Entered Level 10 of the Dungeon
 10052 | D:10     | Found a radiant altar of Vehumet.
 10318 | D:9      | Bought a scroll of enchant weapon for 180 gold pieces
 10372 | D:10     | Reached **** piety under Wu Jian
 10406 | D:10     | Reached skill level 5 in Shapeshifting
 10552 | D:10     | Noticed a two-headed ogre
 10560 | D:10     | Killed a two-headed ogre
 10561 | D:10     | Reached skill level 5 in Short Blades
 10651 | D:10     | Found a staircase to the Lair.
 10709 | D:11     | HP: 4/81 [centaur/arrow (17)]
 10712 | D:11     | Slain by a wraith

Illustrated notes

Levels and vault maps discovered:
D:1:      erik_arrival_triangle_medium, layout_loops_corners,
          minmay_pentomino_s2
D:2:      layout_loops_ring, serial_forest, infiniplex_forest_end_1,
          infiniplex_forest_lined_4_way, infiniplex_forest_side_room,
          infiniplex_forest_zigzag_1, infiniplex_forest_corner_2,
          infiniplex_forest_end_3, infiniplex_forest_lined_room_3,
          infiniplex_forest_clump_small, infiniplex_forest_clump_large,
          ebering_ecumenical_altar_webs, grunt_ministairs_5, dk_noncrumbling_3,
          minmay_indecisive_spiral, uniq_natasha
D:3:      layout_basic
D:4:      layout_loops_corners, minmay_temple_entry_large_hall, serial_shops,
          shop, uniq_robin, uniq_eustachio, uniq_sigmund, uniq_grinder
D:5:      layout_loops_ring, nicolae_overflow_hidden_temple,
          eat_drink_and_be_merry_uskayaw, chequers_big_river,
          grunt_decor_one_mirror, minmay_misc_feat_x, skrybe_limestone_x,
          guppyfry_early_orc_mine, uniq_edmund
D:6:      layout_loops_ring, nicolae_overflow_macrodata_refinement,
          serial_demonic, serial_demonic_f, serial_demonic_a, serial_demonic_a,
          serial_demonic_e, minmay_nine_imps
D:7:      layout_basic, enter_bailey_5
D:8:      layout_loops_cross, disabler_island, uniq_psyche
D:9:      lemuel_slime, layout_irregular_city, mainiacjoe_overflow_boulevard,
          serial_column_ruins, column_ruins_hut, column_ruins_grid_1,
          column_ruins_open_small, column_ruins_open_medium,
          column_ruins_open_small, column_ruins_grid_3, serial_shops,
          nicolae_shop_crystal
D:10:     layout_basic, mainiacjoe_overflow_catwalk,
          grunt_lair_entry_orc_guard_hut
D:11:     layout_stronghold, serial_bayou, serial_bayou_shore_b,
          serial_bayou_ford_a, serial_bayou_lake_a, serial_bayou_pond_d
Temple:   zaba_magenta_temple

Skill      XL: |  1  2  3  4  5  6  7  8  9 10 11 |
---------------+----------------------------------+-----
Stealth        | 1 2 3 4 7 |  7.2
Unarmed Combat | 3 4 5 7 9 10 | 10.3
Fighting       | 4 5 6 7 8 9 |  9.8
Dodging        | 4 6 7 8 |  8.0
Shields        | 4 |  4.0
Shapeshifting  | 2 4 5 |  5.5
Short Blades   | 3 5 |  5.1

Action                     |  1- 3 |  4- 6 |  7- 9 | 10-12 || total
---------------------------+-------+-------+-------+-------++-------
  Melee: Unarmed           |    58 |   115 |   295 |   143 ||   611
         Constrict         |    15 |    24 |    61 |    49 ||   149
         Tentacles         |    12 |    30 |    65 |    75 ||   182
         Punch             |     1 |     3 |    12 |    31 ||    47
         Dagger            |       |       |       |   178 ||   178
  Throw: Stone             |       |     1 |       |       ||     1
         Dart              |       |       |     4 |     5 ||     9
Ability: Lunge             |       |       |    34 |    64 ||    98
         Whirlwind         |       |       |    11 |    43 ||    54
         Wall Jump         |       |       |       |     3 ||     3
  Evoke: Phial of floods   |       |       |       |     1 ||     1
    Use: Scroll            |     4 |    11 |     6 |    12 ||    33
         Potion            |       |       |       |     5 ||     5
   Stab: Sleeping          |    11 |    14 |    10 |     7 ||    42
         Distracted        |       |     1 |       |     2 ||     3
 Armour: Skin              |    19 |    26 |    97 |   116 ||   258
  Dodge: Dodged            |    29 |    58 |   273 |   222 ||   582
  Block: Buckler           |     7 |    13 |    63 |    82 ||   165
